AoeStats
← [GG] Trezeguet

Arena

510444488Analyzed
1v1 RM · 16h ago on Oct 1, 2026· 41m 30s· 2 players
Game mode
Random Map
Map size
Tiny (2 player)
Population
200
Speed
Normal
Resources
Standard
Victory
Conquest
Starting age
Dark Age
Ending age
Imperial Age
RankedLock teamsTeams togetherTeam positionsShared explorationLock speedFull tech treeHidden civsTurbo modeCheats
Victory
Defeat
🇺🇸 Khmer · United States
1086
+16
🇧🇷 Malians · Brazil
1084
-16
[GG] Trezeguet
9:07 Feudal Age
11:38 Loom
15:16 Castle Age
37:51 Imperial Age
35:39 Gold Mining
35:32 Horse Collar
35:52 Fletching
40:16 Imperial Age
reticall
12:08 Feudal Age
15:00 Castle Age
13:04 Horse Collar
13:11 Double-Bit Axe
16:08 Bow Saw
26:24 Sanctity
26:15 Redemption
27:38 Crossbowman
28:40 Fletching
28:50 Padded Archer Armor
30:03 Heavy Plow
30:14 Bodkin Arrow
30:19 Padded Archer Armor
34:17 Imperial Age
31:42 Loom
32:25 Leather Archer Armor
32:15 Gold Mining
32:15 Stone Mining
35:38 Forging
35:33 Scale Barding Armor
35:29 Bracer
35:59 Conscription
35:43 Elite Battle Elephant
36:29 Husbandry
36:39 Bloodlines
36:33 Arbalester
36:44 Light Cavalry
38:15 Gold Shaft Mining
38:15 Stone Shaft Mining
40:02 Ring Archer Armor
39:07 Hussar
Connection lost

Rejoining the realm…

Still unreachable

The connection could not be restored.

Session expired

The server has moved on; the page needs a fresh start.